 Dungeon Crawl Stone Soup version 0.31.0-11-ge490571c62 (webtiles) character file.

Game seed: 8225830518105184773

48 monsoonserge the Cutter (level 3, 0/26 HPs)
             Began as a Vampire Monk on Feb 2, 2024.
             Slain by a gnoll
             ... wielding a +0 spear
              (4 damage)
             ... on level 2 of the Dungeon.
             The game lasted 00:03:27 (789 turns).

monsoonserge the Cutter (Vampire Monk)               Turns: 789, Time: 00:03:27

Health: 0/26       AC:  6    Str: 10    XL:     3   Next: 50%
Magic:  3/3        EV: 12    Int: 12    God:
Gold:   96         SH:  0    Dex: 18    Spells: 2/2 levels left

rFire   . . .        a - +0 short sword
rCold   . . .        (no shield)
rNeg    . . .        i - +0 ring mail
rPois   .            g - +0 helmet
rElec   .            (no cloak)
rCorr   .            (no gloves)
SInv    +            (no boots)
Will    .....        (no amulet)
Stlth   +            (no ring)
HPRegen 0.44/turn    (no ring)
MPRegen 0.08/turn

%: no passive effects
@: healing quickly
A: alive, fangs 3, see invisible, vampiric 2, [frail 1]
a: Exsanguinate


You were on level 2 of the Dungeon.
You visited 1 branch of the dungeon, and saw 3 of its levels.

You collected 96 gold pieces.

Inventory:

Hand Weapons
 a - a +0 short sword (weapon)
Armour
 b - a +0 robe
 d - an orb of light
 g - a +0 helmet (worn)
 i - a +0 ring mail (worn)
Scrolls
 e - a scroll of revelation {unknown}
 h - a scroll of noise {unknown}
 k - a scroll of amnesia {unknown}
 l - 3 scrolls of identify {unknown}
Potions
 c - 3 potions of ambrosia
 f - 2 potions of heal wounds {unknown}
 j - a potion of attraction {unknown}
 n - a potion of might {unknown}


   Skills:
 + Level 3.2 Fighting
 + Level 4.0 Short Blades
 + Level 3.9 Dodging
 + Level 0.7 Stealth


You had 2 spell levels left.
You didn't know any spells.
Your spell library was empty.

Dungeon Overview and Level Annotations

Branches:
Dungeon (3/15)

Altars:


Innate Abilities, Weirdness & Mutations

Your natural rate of healing is accelerated.
You have razor-sharp teeth.
You have supernaturally acute eyesight. (SInv)
You are afflicted with vampirism and can become a bat while bloodless.
[You are frail. (-10% HP)]


Message History

The gnoll is poisoned.
A gnoll comes into view. It is wielding a +0 club.
Things that are here:
4 gold pieces; a +0 dagger; a kobold corpse The gnoll shouts!
A gnoll comes into view. It is wielding a +0 spear.
You hit the gnoll but do no damage. The gnoll hits you with a +0 flail.
You hit the gnoll but do no damage. You bite the gnoll, but do no damage.
The gnoll is lightly wounded.
You hit the gnoll but do no damage.
The gnoll is lightly wounded.
A gnoll comes into view. It is wielding a +0 halberd.
The gnoll closely misses you.
The gnoll shouts!
You hit the gnoll but do no damage.
The gnoll is moderately wounded.
The gnoll closely misses you.
You hit the gnoll but do no damage.
The gnoll is moderately wounded.
The gnoll barely misses you.
You hit the gnoll. You bite the gnoll.
The gnoll is heavily wounded.
The gnoll hits you with a +0 flail!
Okay, then.
Okay, then.
You hit the gnoll but do no damage.
The gnoll is heavily wounded.
You hit the gnoll.
The gnoll is severely wounded.
The gnoll looks more healthy.
The gnoll barely misses you.
The gnoll hits you from afar with a +0 spear.
You hit the gnoll but do no damage. Your bite misses the gnoll.
The gnoll is severely wounded.
The gnoll misses you. The gnoll closely misses you. x2
You hit the gnoll but do no damage.
The gnoll is severely wounded.
The gnoll hits you with a +0 club.
* * * LOW HITPOINT WARNING * * *
The gnoll hits you from afar with a +0 spear.
You die...

# ... ##############
###.... ##............#
#....... ..............##
#.......
...............###.......
...>.#..............#.##.
.......g@.............##.
.........g........)...#..
.......gg.............#..
........##########......#
........# #.......#####
....#(... #.......#####
......... ..............
...(..... ..............
.......... .#............


You could see 4 gnolls.

Vanquished Creatures
  An adder (D:2)
  A dart slug (D:1)
  7 bats
  7 endoplasms
  A giant cockroach (D:2)
  A goblin (D:1)
  A hobgoblin (D:2)
  4 jackals (D:1)
  A frilled lizard (D:1)
  7 kobolds
  3 rats
34 creatures vanquished.

Notes
Turn   | Place    | Note
-------+----------+-------------------------------------------
     0 | D:1      | monsoonserge the Vampire Monk began the quest for the Orb.
     0 | D:1      | Reached XP level 1. HP: 17/17 MP: 1/1
   215 | D:1      | Reached XP level 2. HP: 12/18 MP: 2/2
   519 | D:1      | Gained mutation: You are afflicted with vampirism and can
                  | become a bat while bloodless. [Vampire growth]
   519 | D:1      | Reached XP level 3. HP: 17/23 MP: 3/3
   717 | D:2      | You fall into a shaft and drop 1 floor!
   770 | D:2      | Reached skill level 4 in Short Blades
   789 | D:2      | Slain by a gnoll

Illustrated notes

Levels and vault maps discovered:
D:1:      minmay_arrival_loop, layout_basic
D:2:      layout_basic, basic_altar
D:3:      layout_basic, mainiacjoe_overflow_alcove_1, serial_shops,
          nicolae_shop_advertising_works [nicolae_subvault_shop_adworks],
          uniq_robin

Skill      XL: |  1  2  3 |
---------------+----------+-----
Fighting       | 3 |  3.2
Short Blades   | 4 |  4.0
Dodging        | |  3.9
Stealth        | |  0.7

Action                     || total
---------------------------++-------
  Melee: Short sword       ||   112
         Bite              ||    10
         Punch             ||     1
  Throw: Dart              ||     2
Ability: Exsanguinate      ||     1
         Revivify          ||     1
   Stab: Sleeping          ||     3
 Armour: Robe              ||    24
         Ring mail         ||    36
  Dodge: Dodged            ||    66
